 Dungeon Crawl Stone Soup version 0.18-b1-18-g7758cf2 (webtiles) character file.

48 Chiseanne the Magician (level 3, -2/24 HPs)
             Began as a Demonspawn Wizard on May 2, 2016.
             Slain by Sigmund
             ... wielding a +0 scythe
              (11 damage)
             ... on level 2 of the Dungeon.
             The game lasted 00:03:16 (1554 turns).

Chiseanne the Magician (Demonspawn Wizard)          Turns: 1554, Time: 00:03:17

Health: -2/24      AC:  5    Str:  7    XL:     3   Next: 50%
Magic:  8/8        EV: 12    Int: 20    God:
Gold:   139        SH:  0    Dex: 11    Spells: 3 memorised, 4 levels left

rFire  . . .     SeeInvis .     k - +0 short sword (drain)
rCold  . . .     Gourm    .     a - +0 robe
rNeg   . . .     Faith    .     (no shield)
rPois  .         Spirit   .     b - +0 hat
rElec  .         Dismiss  .     g - +0 cloak
rCorr  .         Reflect  .     (no gloves)
SustAt .         Harm     .     (no boots)
MR     .....                    (no amulet)
Stlth  ++........               (no ring)
                                (no ring)

@: not resistant to hostile enchantments, unstealthy
A: slimy green scales 1, spiny 1
a: no special abilities


You were on level 2 of the Dungeon.
You were hungry.

You visited 1 branch of the dungeon, and saw 2 of its levels.

You collected 139 gold pieces.

Inventory:

Hand Weapons
 f - a +0 mace
 k - a +0 short sword of draining (weapon)
Missiles
 e - 115 stones (quivered)
 h - 49 sling bullets
 j - 3 javelins
 n - 37 arrows
 q - 8 poisoned needles
Armour
 a - a +0 robe (worn)
 b - a +0 hat (worn)
 g - a +0 cloak (worn)
Wands
 p - a wand of lightning (3/15)
Scrolls
 l - a scroll of teleportation
 m - a scroll of immolation {unknown}
Books
 c - a book of Minor Magic

   Spells                             Type                      Level
   a - Magic Dart                     Conjuration                  1
   b - Blink                          Translocation                2
   c - Call Imp                       Summoning                    2
   d - Repel Missiles                 Charms/Air                   2
   e - Slow                           Hexes                        2
   f - Conjure Flame                  Conjuration/Fire             3
   g - Mephitic Cloud                 Conjuration/Poison/Air       3
Comestibles
 d - a bread ration
 i - 2 meat rations


   Skills:
 - Level 1.7 Dodging
 - Level 1.7 Stealth
 * Level 3.7 Spellcasting
 * Level 2.4 Conjurations
   Level 1.0 Summonings
 - Level 0.8 Translocations


You had 4 spell levels left.
You knew the following spells:

 Your Spells              Type           Power        Failure   Level  Hunger
a - Magic Dart            Conj           ##..         6%          1    None
b - Blink                 Tloc           N/A          17%         2    ##.....
c - Repel Missiles        Chrm/Air       #.....       24%         2    ##.....


Dungeon Overview and Level Annotations

Branches:
Dungeon (2/15)

Altars:

Annotations:
D:2 Sigmund


Innate Abilities, Weirdness & Mutations

You are partially covered in slimy green scales (AC +2).
You are partially covered in sharp spines.


Message History

You bump into the rock wall.
You bump into the rock wall.
You hear some strange, mumbled words.
You are more confused.
You bump into the rock wall.
You hear some strange, mumbled words.
A magic dart appears from out of thin air!
The magic dart hits you!
You're too confused to move!
Something hits you.
* * * LOW HITPOINT WARNING * * *
Drink which item? (? for menu, Esc to quit)
You feel much better. Something hits you.
You bump into the rock wall.
You bump into the rock wall.
Something hits you. Something hits you!
You see here a cloak.
You're too confused to move!
You feel less confused. Something hits you!
You die...

###.......# #.#.#
####.#### #...# #.# #..##
#.# ##..# #.# ###..$# #.#
#..$#.# #.# #.#...# #.#
#.###.# ######.# # #@#
#...##.# #{# .....#.# #.#
#S# ....†..# #.# #.#
.......# #.# #.#
.......## #.# #.#
.....##.####.# #.#
#...####...#.# #..
##..###.##.#.############


You could see an adder.

Vanquished Creatures
  2 adders (D:2)
  An ooze (D:2)
  A worm (D:2)
  A giant gecko (D:2)
  2 bats (D:1)
  2 giant cockroaches (D:1)
  4 hobgoblins
  A giant newt (D:1)
  3 goblins
  A kobold (D:2)
  5 rats
23 creatures vanquished.

Notes
Turn   | Place    | Note
--------------------------------------------------------------
     0 | D:1      | Chiseanne the Demonspawn Wizard began the quest for the Orb.
     0 | D:1      | Reached XP level 1. HP: 13/13 MP: 4/4
     2 | D:1      | Noticed a demigod
     2 | D:1      | Noticed a gargoyle
     4 | D:1      | Noticed a vampire
     4 | D:1      | Noticed a draconian
     6 | D:1      | Noticed a spriggan
     6 | D:1      | Noticed a human
     8 | D:1      | Noticed a centaur
     8 | D:1      | Noticed an octopode
    10 | D:1      | Noticed a minotaur
    12 | D:1      | Noticed a formicid
    12 | D:1      | Noticed an ogre
    14 | D:1      | Noticed a felid
    14 | D:1      | Noticed a ghoul
    16 | D:1      | Noticed a demonspawn
    16 | D:1      | Noticed a merfolk
    18 | D:1      | Noticed an elf
    18 | D:1      | Noticed a vine stalker
    20 | D:1      | Noticed a halfling
    22 | D:1      | Noticed a naga
    24 | D:1      | Noticed a tengu
    24 | D:1      | Noticed a troll
    26 | D:1      | Noticed a dwarf
   484 | D:1      | Gained mutation: You are partially covered in sharp spines. [demonic ancestry]
   484 | D:1      | Reached XP level 2. HP: 18/19 MP: 0/6
   965 | D:2      | Learned a level 2 spell: Blink
   968 | D:2      | Learned a level 2 spell: Repel Missiles
  1136 | D:2      | Gained mutation: You are partially covered in slimy green scales (AC +2). [demonic ancestry]
  1136 | D:2      | Reached XP level 3. HP: 10/24 MP: 1/8
  1535 | D:2      | Noticed Sigmund
  1554 | D:2      | Slain by Sigmund

Skill      XL: |  1  2 |
---------------+-------+-----
Conjurations   | 2 |  2.4
Dodging        | |  1.7
Stealth        | |  1.7
Spellcasting   | |  3.7
Summonings     | |  1.0
Translocations | |  0.8

Action                   || total
-------------------------++-------
Melee: Mace              ||    15
 Cast: Magic Dart        ||    39
Evoke: Wand              ||     1
  Use: Scroll            ||     6
       Potion            ||     1
 Stab: Sleeping          ||     2
       Distracted        ||     1
  Eat: Chunk             ||     1
Armor: Robe              ||     1
Dodge: Dodged            ||     6
